 Dungeon Crawl Stone Soup version 0.32-a0-290-g598725c5f2 (webtiles) character file.

Game seed: 13490038197271367698

150 kae the Changeling (level 5, -1/37 HPs)
             Began as a Demonspawn Shapeshifter on Feb 13, 2024.
             Slain by Grinder (3 damage)
             ... on level 3 of the Dungeon.
             The game lasted 00:01:32 (1786 turns).

kae the Changeling (Demonspawn Shapeshifter)        Turns: 1786, Time: 00:01:33

Health: -1/37      AC:  2    Str: 14    XL:     5   Next: 10%
Magic:  5/5        EV: 14    Int: 11    God:
Gold:   1306       SH:  0    Dex: 14    Spells: 4/4 levels left

rFire   . .          .
                       - Unarmed
rCold   . . .        (no shield)
rNeg    . . .        a - +0 animal skin
rPois   .            (helmet currently unavailable)
rElec   .            (cloak currently unavailable)
rCorr   .            (gloves currently unavailable)
SInv    .            (boots currently unavailable)
Will    .....        (no amulet)
Stlth   +            (no ring)
HPRegen 0.26/turn    (no ring)
MPRegen 0.09/turn

%: no passive effects
@: beast-form
A: beast (slay +2), repulsion field 1, weakness stinger 2
a: Begin Untransformation


You were on level 3 of the Dungeon.
You were a hulking beast.
You visited 1 branch of the dungeon, and saw 3 of its levels.

You collected 1306 gold pieces.


Innate Abilities, Weirdness & Mutations

You are a hulking beast.
Your limbs bulge with bestial killing power. (Slay +2)
You are surrounded by a mild repulsion field. (EV +2)
You have a tail ending in a sharp stinger.


   Skills:
 - Level 1.0 Fighting
 - Level 1.7 Dodging
 - Level 2.6 Unarmed Combat
 + Level 5.0 Shapeshifting


You had 4 spell levels left.
You didn't know any spells.
Your spell library contained the following spells:

 Spells                   Type           Power      Damage    Failure   Level
 Jinxbite                 Hex            0%         N/A       47%         2
 Yara's Violent Unravell  Hex/Alch       0%         3d3       100%        5
 Enfeeble                 Hex            0%         N/A       100%        7

Inventory:

Missiles
 e - 30 stones (quivered)
 h - 6 poisoned darts
Armour
 a - a +0 animal skin (worn)
Talismans
 c - a beast talisman (active)
 d - a flux talisman
Wands
 r - a wand of mindburst (16)
   (You found it on level 2 of the Dungeon)
Scrolls
 f - 4 scrolls of identify {@r1}
Potions
 b - 2 potions of lignification {!q}
 g - a potion of berserk rage {unknown}
 j - a potion of curing {@q1}
 k - a potion of enlightenment {unknown}
 l - a potion of degeneration {unknown}
 m - a potion of mutation {!q}
 n - a potion of attraction {unknown}
 t - a potion of might {unknown}

Dungeon Overview and Level Annotations

Branches:
Dungeon (3/15) Zot: 16213

Altars:
Ashenzari

Shops:
D:2 [

Annotations:
D:3 Grinder

,,,,,,,,,,,,,,,.,,,,,..#.##......
,,**,,,,,..#*,....##*#.#.#*###.##
*,**,,,,,..#.,.....#*#.#.# *,*
*,**,,,,,,...##.##..##.#.# *,*
*,*,***,***...#.#...##.#.### *,*
*,,*****,#.,#.....#........#**,*
*,***,***...##...##.##.#.#.....#
,,,*,,,*,#...$._.5)..#.#.#.....#
**,,*,*,,,,,##..h##............#*
*,*,*,*,,,,#.....#.)...........,
*,**,,,,#....#.#.†..#####....##*
*,****,,....##.##...# *.#### *,*
*,,..#.......#.# *.# *,*
*,*#**#.....##.# *,* *,* **,**
###......# *,* *,***,,,**
######## *,* *,,,,***,**
********,*


You could see Grinder.


Message History

Blink to where?
Press: ? - help, Dir - move target, f - you
Okay, then.
As you read the scroll labelled VUKAUPNUPTOKE, it crumbles to dust.
It was a scroll of blinking.
Your orc curses loudly.
The air fills with toxic fumes!
As you read the scroll labelled ZAOMELU YRA, it crumbles to dust.
It was a scroll of poison.
Unknown command.
As you read the scroll of identify {@r1}, it crumbles to dust.
j - a potion of curing Unknown command.
You start waiting.
Your surroundings suddenly seem different.
Splash!
You fall into the shallow water.
Moving in this stuff is going to be slow.
f - 3 scrolls of identify {@r1} A rat comes into view.
A rat is nearby!
A rat is nearby!
A rat is nearby!
You hit the rat.
You kill the rat!
f - 4 scrolls of identify {@r1} (gained 1)
You see here a rat corpse.
A kobold comes into view. It is wielding a +0 club.
A kobold is nearby!
Found a club and a book of Misfortune.
Found a broken altar of Ashenzari.
You completely miss the kobold.
The kobold hits you with a +0 club. 😕 HP[-3]
You take 3 damage, and now have 34/37 hp.
A kobold is nearby!
A kobold is nearby!
You hit the kobold.
You kill the kobold!
No target in view!
You now have 1306 gold pieces (gained 13).
You see here a +0 club.
Key pressed, stopping explore.
No target in view!
No target in view! 😎 HP[+3]
Your hp is fully restored (37).
No target in view!
No target in view!
A rat comes into view.
The rat squeaks loudly.
You hit the rat.
You kill the rat!
You pick up a book of Misfortune and begin reading...
You add the spells Jinxbite, Yara's Violent Unravelling and Enfeeble to your library.
You see here a rat corpse.
Grinder comes into view.
Grinder shouts!
Grinder blinks!
Grinder moves out of view.
Okay, then.
You start waiting.
Grinder is nearby!
Grinder is nearby!
Okay, then.
Unknown command.
Aiming: Mindburst
Press: ? - help, Shift-Dir - straight line, f - Grinder
Aim: Grinder (chance to affect: 64%) Grinder struggles to resist.
Okay, then.
Grinder gestures at you.
Pain shoots through your body! 😮 HP[-11]
You take 11 damage, and now have 26/37 hp.
MASSIVE DAMAGE!! (PAUSE) Unknown command.
Aiming: Mindburst
Press: ? - help, Shift-Dir - straight line, f/p - Grinder
Aim: Grinder (chance to affect: 64%) Grinder's mind is blasted!
Grinder hits you.
You writhe in agony.
* * * LOW HITPOINT WARNING * * *
😨 HP[-9]
You take 9 damage, and now have 17/37 hp.
MASSIVE DAMAGE!! (PAUSE)
Aiming: Mindburst
Press: ? - help, Shift-Dir - straight line, f/p - Grinder
Aim: Grinder (moderately wounded, chance to affect: 64%) Grinder's mind is blasted!
Grinder hits you.
* * * LOW HITPOINT WARNING * * *
You writhe in agony.
* * * LOW HITPOINT WARNING * * *
😨 HP[-6]
You take 6 damage, and now have 11/37 hp.
Unknown command.
Aiming: Mindburst
Press: ? - help, Shift-Dir - straight line, f/p - Grinder
Aim: Grinder (severely wounded, chance to affect: 64%) Grinder struggles to resist.
Grinder hits you!
* * * LOW HITPOINT WARNING * * *
You writhe in agony.
You die...
Grinder says, "Now the real fun starts!"

Skill      XL: |  1  2  3  4 |
---------------+-------------+-----
Shapeshifting  | 3 4 5 |  5.0
Fighting       | |  1.0
Dodging        | |  1.7
Unarmed Combat | |  2.6

Action                     |  1- 3 |  4- 6 || total
---------------------------+-------+-------++-------
  Melee: Unarmed           |    36 |    53 ||    89
         Punch             |     3 |     2 ||     5
         Tailslap          |     1 |    11 ||    12
  Evoke: Wand              |       |     4 ||     4
    Use: Scroll            |       |     8 ||     8
   Stab: Sleeping          |       |     1 ||     1
 Armour: Animal skin       |    13 |    21 ||    34
  Dodge: Dodged            |    21 |    35 ||    56

Levels and vault maps discovered:
D:1:      dpeg_arrival_castle, layout_basic, minmay_pentomino_z4
D:2:      layout_loops_cross, serial_shops, shop_fountains
D:3:      layout_loops_ring, mainiacjoe_overflow_small_starburst, serial_shops,
          nicolae_shop_industrial_runoff, serial_bayou, serial_bayou_lagoon_a,
          serial_bayou_pond_b, serial_bayou_pond_d, serial_bayou_pond_d,
          kennysheep_minor_cross, uniq_grinder

Notes
Turn   | Place    | Note
-------+----------+-------------------------------------------
     0 | D:1      | kae the Demonspawn Shapeshifter began the quest for the
                  | Orb.
     0 | D:1      | Reached XP level 1. HP: 15/15 MP: 1/1
     0 | D:1      | magus.rc [v1.11.3]
   294 | D:1      | Reached skill level 3 in Shapeshifting
   303 | D:1      | Gained mutation: You are surrounded by a mild repulsion
                  | field. (EV +2) [demonic ancestry]
   303 | D:1      | Reached XP level 2. HP: 20/21 MP: 2/2
   884 | D:2      | Noticed a scorpion
   888 | D:2      | Gained mutation: You have a small tail. [demonic ancestry]
   888 | D:2      | Reached XP level 3. HP: 20/26 MP: 3/3
   893 | D:2      | Killed a scorpion
   894 | D:2      | Reached skill level 4 in Shapeshifting
   894 | D:2      | Gained mutation: You have a tail ending in a sharp stinger.
                  | [demonic ancestry]
   894 | D:2      | Reached XP level 4. HP: 12/32 MP: 4/4
   895 | D:2      | HP: 8/32 [poisoned by a scorpion]
  1507 | D:2      | Found Kineuqex's Antique Armour Emporium.
  1555 | D:2      | Reached skill level 5 in Shapeshifting
  1555 | D:2      | Reached XP level 5. HP: 27/37 MP: 5/5
  1678 | D:3      | Identified a scroll of acquirement
  1678 | D:3      | Acquired 1157 gold pieces
  1745 | D:3      | Found a broken altar of Ashenzari.
  1769 | D:3      | You pick up a book of Misfortune and begin reading...
  1769 | D:3      | You add the spells Jinxbite, Yara's Violent Unravelling and
                  | Enfeeble to your library.
  1774 | D:3      | Noticed Grinder
  1786 | D:3      | HP: 2/37 [Grinder (9)]
  1786 | D:3      | Slain by Grinder

Vanquished Creatures
  A scorpion (D:2)
  3 adders (D:2)
  A ribbon worm (D:2)
  3 ball pythons
  5 endoplasms
  2 goblins (D:2)
  2 hobgoblins
  6 jackals (D:2)
  A quokka (D:1)
  2 bats (D:1)
  3 frilled lizards
  7 kobolds
  3 rats
39 creatures vanquished.

Table legend:
 A = Non-vault XP
 B = Vault XP
 C = Vault XP percentage of total XP
 D = Non-vault monster count
 E = Vault monster count
 F = Vault count percentage of total count
                 A         B        C        D         E       F
            +---------+---------+-------+---------+---------+-------
      Total |     207 |       8 |   3.7 |      36 |       3 |   7.7
            +---------+---------+-------+---------+---------+-------
        D:1 |      22 |       8 |  26.7 |       9 |       3 |  25.0
        D:2 |     179 |       0 |   0.0 |      24 |       0 |   0.0
        D:3 |       6 |       0 |   0.0 |       3 |       0 |   0.0
            +---------+---------+-------+---------+---------+-------

Skill      XL: |  1  2  3  4 |
---------------+-------------+-----
Shapeshifting  | 3 4 5 |  5.0
Fighting       | |  1.0
Dodging        | |  1.7
Unarmed Combat | |  2.6

Action                     |  1- 3 |  4- 6 || total
---------------------------+-------+-------++-------
  Melee: Unarmed           |    36 |    53 ||    89
         Punch             |     3 |     2 ||     5
         Tailslap          |     1 |    11 ||    12
  Evoke: Wand              |       |     4 ||     4
    Use: Scroll            |       |     8 ||     8
   Stab: Sleeping          |       |     1 ||     1
 Armour: Animal skin       |    13 |    21 ||    34
  Dodge: Dodged            |    21 |    35 ||    56

Illustrated notes

Table legend:
 A = Kills in this place as a percentage of kills in the entire game.
 B = Kills by you in this place as a percentage of kills by you in the entire game.
 C = Kills by friends in this place as a percentage of kills by friends in the entire game.
 D = Other kills in this place as a percentage of other kills in the entire game.
 E = Experience gained in this place as a percentage of experience gained in the entire game.
 F = Experience gained in this place divided by the number of levels of this place that you have seen.
                   A       B       C       D       E      F
               +-------+-------+-------+-------+-------+----------------------
         Total | 100.0 | 100.0 |   N/A |   N/A | 100.0 |  71.7
       Dungeon | 100.0 | 100.0 |   N/A |   N/A | 100.0 |  71.7
               +-------+-------+-------+-------+-------+----------------------

Table legend: (Time is in decaauts)
 A = Elapsed time spent in this place.
 B = Non-inter-level travel time spent in this place.
 C = Inter-level travel time spent in this place.
 D = Time resting spent in this place.
 E = Time spent auto-exploring this place.
 F = Levels seen in this place.
 G = Mean time per level.
                   A        B        C        D        E       F      G
               +--------+--------+--------+--------+--------+-----+--------+
         Total |   1785 |   1776 |      9 |     87 |   1450 |   3 |  595.0 |
       Dungeon |   1785 |   1776 |      9 |     87 |   1450 |   3 |  595.0 |
               +--------+--------+--------+--------+--------+-----+--------+

Top non-repeatable levels by time:
     D:1: 883 daAuts
     D:2: 793 daAuts
     D:3: 109 daAuts
